 Dungeon Crawl Stone Soup version 0.28.0 (webtiles) character file.

Game seed: 8250746958108279332

10593 browni3141 the Cleaver (level 11, -3/153 HPs)
             Began as a Minotaur Berserker on Feb 10, 2022.
             Was an Elder of Trog.
             Slain by a yak (10 damage)
             ... on level 10 of the Dungeon.
             The game lasted 00:07:06 (12329 turns).

browni3141 the Cleaver (Minotaur Berserker)        Turns: 12329, Time: 00:07:06

Health: -3/153     AC: 20    Str: 26    XL:     11   Next: 38%
Magic:  10/10      EV: 10    Int:  4    God:    Trog [****..]
Gold:   401        SH:  0    Dex: 10    Spells: 10/10 levels left

rFire   . . .      SeeInvis .   J - +0 battleaxe
rCold   . . .      Faith    .   (shield currently unavailable)
rNeg    . . .      Spirit   .   s - +0 plate armour
rPois   .          Reflect  .   D - +2 hat
rElec   .          Harm     .   p - +0 cloak
rCorr   .          Rampage  .   l - +0 pair of gloves
Will    +....                   (no boots)
Stlth   ..........              G - amulet of regeneration
HPRegen 1.15/turn               H - ring of willpower
MPRegen 0.12/turn               (no ring)

@: berserking (expiring), very quick
A: horns 2, retaliatory headbutt
a: Renounce Religion, Berserk, Trog's Hand, Brothers in Arms


You were on level 10 of the Dungeon.
You worshipped Trog.
Trog was greatly pleased with you.
You visited 1 branch of the dungeon, and saw 10 of its levels.

You collected 489 gold pieces.
You spent 88 gold pieces at shops.

Inventory:

Hand Weapons
 a - a +0 hand axe
 C - a +0 war axe
 J - a +0 battleaxe (weapon)
Armour
 b - a +0 animal skin
 l - a +0 pair of gloves (worn)
 p - a +0 cloak (worn)
 q - a +0 scale mail
 s - a +0 plate armour (worn)
 D - a +2 hat (worn)
Jewellery
 G - an amulet of regeneration (around neck)
 H - a ring of willpower (left hand)
Wands
 t - a wand of digging (2)
 w - a wand of flame (21)
 E - a wand of acid (13)
Scrolls
 h - 3 scrolls of teleportation
 m - 2 scrolls of fog
 o - 2 scrolls of noise
 v - 3 scrolls of amnesia
 x - 2 scrolls of enchant weapon {unknown}
 y - a scroll of holy word {unknown}
 z - a scroll of enchant armour {unknown}
 A - 2 scrolls of magic mapping {unknown}
 B - a scroll of immolation {unknown}
 F - a scroll of summoning {unknown}
 I - a scroll of blinking {unknown}
Potions
 c - a potion of resistance {unknown}
 d - 2 potions of mutation {unknown}
 e - a potion of heal wounds
 f - 4 potions of brilliance {unknown}
 g - 9 potions of curing
 i - 2 potions of berserk rage {unknown}
 j - 3 potions of attraction {unknown}
 k - a potion of degeneration {unknown}
 n - 2 potions of flight {unknown}
 r - a potion of haste {unknown}
 u - a potion of might


   Skills:
 + Level 11.4 Fighting
 + Level 11.4 Axes
 + Level 11.1 Armour
 + Level 10.2 Dodging


You had 10 spell levels left.
You didn't know any spells.
Your spell library was empty.

Dungeon Overview and Level Annotations

Branches:
Dungeon (10/15)            Temple (0/1) D:6             Orc (0/2) D:10
   Lair: D:8-11

Altars:
Cheibriados
Makhleb
Nemelex Xobeh
Okawaru
Trog

Shops:
D:5 =   D:6 :!   D:9 ?


Innate Abilities, Weirdness & Mutations

You have a pair of horns on your head.
You reflexively headbutt those who attack you in melee.


Message History

Your Armour skill increases to level 11!
You slice the two-headed ogre!! You headbutt the two-headed ogre.
The two-headed ogre is almost dead.
You barely miss the yak.
The two-headed ogre hits you with a +0 giant spiked club!
* * * LOW HITPOINT WARNING * * *
The two-headed ogre hits you with a +0 giant spiked club!
* * * LOW HITPOINT WARNING * * *
The yak gores you.
* * * LOW HITPOINT WARNING * * *
Unknown command.
Unknown command.
Okay, then.
You feel much better.
You recover from your berserk rage.
The two-headed ogre barely misses you.
The two-headed ogre hits you with a +0 giant spiked club.
* * * LOW HITPOINT WARNING * * *
The yak gores you.
* * * LOW HITPOINT WARNING * * *
Unknown command.
A red film seems to cover your vision as you go berserk!
You feel yourself moving faster!
You feel mighty! The yak gores you!
* * * LOW HITPOINT WARNING * * *
The two-headed ogre misses you.
The two-headed ogre hits you with a +0 giant spiked club!
* * * LOW HITPOINT WARNING * * *
Unknown command.
You slash the two-headed ogre!
You kill the two-headed ogre!
Trog accepts your kill.
You barely miss the yak. The yak gores you but does no damage.
Unknown command.
You barely miss the yak. You closely miss the yak. The yak gores you!
* * * LOW HITPOINT WARNING * * *
Unknown command.
You barely miss the yak. You hit the yak but do no damage.
The yak closely misses you. You furiously retaliate!
You headbutt the yak! The yak gores you!
You die...

#...#.....#.#
#...#.....#.##
#..##.....#..####
#..+......#.....#
...#...[........#
#...#...#...#.
#..###.....###...#
.. #.....#[# .# .
+....@Y#
#...#####Y..#
...#. .....# .. #.
..$### . .....
...#.# +##..# .##


You could see 2 yaks.

Vanquished Creatures
  Gastronok (D:8)
  2 two-headed ogres
  Pikel (D:5)
  A manticore (D:9)
  Joseph (D:8)
  An unseen horror (D:10)
  A hornet (D:9)
  A vampire (D:10)
  A shadow (D:9)
  A wyvern (D:10)
  7 yaks
  4 steam dragons
  Menkaure (D:5)
  Edmund (D:5)
  4 water moccasins
  Duvessa (D:5)
  4 orc warriors
  A sky beast (D:6)
  2 necrophages
  2 ice beasts
  5 ogres
  2 lemures (D:5)
  3 centaurs
  A phantom (D:5)
  The ghost of dang3rdave the Twirler, an amateur DjGl of Fedhas (D:3)
  A kobold brigand (D:9)
  4 bullfrogs
  2 wyvern zombies
  5 scorpions
  A gnoll sergeant (D:8)
  Dowan (D:5)
  9 killer bees
  8 wights
  4 howler monkeys
  2 centaur zombies
  A gnoll shaman (D:7)
  Crazy Yiuf (D:5)
  2 orc priests
  Terence (D:3)
  Natasha (D:2)
  4 orc wizards
  A killer bee zombie (D:8)
  A howler monkey zombie (D:10)
  A howler monkey skeleton (D:7)
  12 adders
  9 gnolls
  A shadow imp (D:3)
  2 white imps
  2 ufetubi
  An adder skeleton (D:4)
  A worm (D:2)
  3 dart slugs (D:1)
  20 orcs
  8 ball pythons
  6 bats
  5 endoplasms
  3 giant cockroaches
  6 goblins
  7 hobgoblins
  4 quokkas
  2 frilled lizards
  9 kobolds
  4 rats
205 creatures vanquished.

Vanquished Creatures (others)
  An orc (D:4)
  3 plants (D:1)
4 creatures vanquished.

Grand Total: 209 creatures vanquished

Notes
Turn   | Place    | Note
-------+----------+-------------------------------------------
     0 | D:1      | browni3141 the Minotaur Berserker began the quest for the
                  | Orb.
     0 | D:1      | Reached XP level 1. HP: 19/19 MP: 0/0
   346 | D:1      | Reached XP level 2. HP: 27/27 MP: 1/1
  1297 | D:1      | Reached XP level 3. HP: 28/33 MP: 2/2
  1662 | D:2      | Reached ** piety under Trog
  1826 | D:2      | Found an iron altar of Okawaru.
  2162 | D:2      | Reached XP level 4. HP: 19/41 MP: 3/3
  2388 | D:2      | Noticed Natasha
  2394 | D:2      | Killed Natasha
  2942 | D:3      | Found a faded altar of an unknown god.
  3179 | D:3      | Found a transporter.
  3179 | D:3      | Noticed dang3rdave's ghost (amateur DjGl)
  3179 | D:3      | Noticed an ogre
  3180 | D:3      | Found a transporter.
  3184 | D:3      | Noticed an ogre
  3214 | D:3      | Reached XP level 5. HP: 45/47 MP: 4/4
  3241 | D:3      | Noticed an ogre
  3247 | D:3      | Killed an ogre
  3392 | D:3      | Reached skill level 5 in Fighting
  3551 | D:3      | Reached skill level 5 in Axes
  3748 | D:3      | Noticed Terence
  3756 | D:3      | Killed Terence
  4155 | D:3      | Killed an ogre
  4156 | D:3      | Reached XP level 6. HP: 56/56 MP: 5/5
  4163 | D:3      | Killed dang3rdave's ghost
  4166 | D:3      | Reached skill level 5 in Armour
  4346 | D:4      | Reached XP level 7. HP: 62/62 MP: 6/6
  4528 | D:4      | Noticed a steam dragon
  4540 | D:4      | Killed a steam dragon
  4794 | D:4      | Reached skill level 5 in Dodging
  5031 | D:4      | Reached *** piety under Trog
  5168 | D:5      | Entered Level 5 of the Dungeon
  5193 | D:5      | Reached XP level 8. HP: 71/71 MP: 7/7
  5198 | D:5      | Noticed Duvessa
  5199 | D:5      | Noticed Dowan
  5209 | D:5      | Killed Dowan
  5211 | D:5      | Killed Duvessa
  5508 | D:5      | Noticed Menkaure
  5513 | D:5      | Killed Menkaure
  5562 | D:5      | Noticed Edmund
  5574 | D:5      | Killed Edmund
  5683 | D:5      | Found a sparkling altar of Nemelex Xobeh.
  5946 | D:5      | Found Jofogua's Jewellery Emporium.
  6021 | D:5      | Noticed Pikel
  6034 | D:5      | Killed Pikel
  6035 | D:5      | Reached XP level 9. HP: 81/81 MP: 8/8
  6178 | D:5      | Found a runed translucent door.
  6179 | D:5      | Noticed Crazy Yiuf
  6645 | D:5      | Identified the +3 leather armour of Levity {-Tele rPois
                  | rF+++ MP-9}
  6797 | D:5      | Killed Crazy Yiuf
  7115 | D:6      | Found Esepoq's Book Shop.
  7266 | D:6      | Found a burning altar of Makhleb.
  7374 | D:6      | Found a staircase to the Ecumenical Temple.
  7496 | D:6      | Found Guas's Distillery.
  7505 | D:6      | Bought a potion of curing for 33 gold pieces
  7505 | D:6      | Bought a potion of heal wounds for 55 gold pieces
  8110 | D:7      | Reached XP level 10. HP: 91/91 MP: 9/9
  8590 | D:7      | Reached **** piety under Trog
  9229 | D:7      | Found a bloodstained altar of Trog.
  9616 | D:8      | Found an iron altar of Okawaru.
  9846 | D:8      | Noticed Gastronok
  9871 | D:8      | Killed Gastronok
  9872 | D:8      | Reached skill level 10 in Fighting
  9872 | D:8      | Reached skill level 10 in Axes
  9872 | D:8      | Reached skill level 10 in Armour
 10301 | D:8      | Noticed Joseph
 10315 | D:8      | Killed Joseph
 11104 | D:9      | Noticed a manticore
 11120 | D:9      | Noticed a centaur warrior
 11120 | D:9      | Noticed a death knight
 11124 | D:9      | Noticed a deep elf pyromancer
 11125 | D:9      | Noticed a deep elf pyromancer
 11125 | D:9      | Noticed a tengu warrior
 11126 | D:9      | Noticed a boulder beetle
 11126 | D:9      | Noticed a manticore
 11141 | D:9      | Found a snail-covered altar of Cheibriados.
 11324 | D:9      | Noticed a two-headed ogre
 11325 | D:9      | Noticed a manticore
 11333 | D:9      | Killed a two-headed ogre
 11334 | D:9      | Reached XP level 11. HP: 101/101 MP: 10/10
 12042 | D:9      | Found Lireykuj's Magic Scroll Shop.
 12268 | D:10     | Entered Level 10 of the Dungeon
 12268 | D:10     | Found a staircase to the Orcish Mines.
 12286 | D:10     | Reached skill level 10 in Dodging
 12316 | D:10     | Noticed a two-headed ogre
 12327 | D:10     | Killed a two-headed ogre
 12328 | D:10     | HP: 6/153 [yak (7)]
 12329 | D:10     | Slain by a yak

Illustrated notes

Levels and vault maps discovered:
D:1:      dpeg_arrival_central, layout_basic, kennysheep_boxes
D:2:      kennysheep_six_static_rooms, layout_loops_cross, basic_altar,
          uniq_natasha
D:3:      layout_basic, gammafunk_ghost_smash,
          hellmonk_ecumenical_altar_lost_god, uniq_terence
D:4:      layout_rooms, kennysheep_generic_room_2
D:5:      layout_cave_pods, lemuel_tele_altar, serial_shops, shop,
          chequers_serial_rivers_small_a, chequers_decorated_corner,
          uniq_duvessa, uniq_pikel, uniq_menkaure, uniq_edmund,
          uniq_crazy_yiuf_cottage
D:6:      layout_loops_ring, kennysheep_mini, minmay_temple_entry_poolview,
          serial_shops, shop, shop
D:7:      layout_layer_cave, general_overflow_altar
D:8:      layout_basic, mainiacjoe_overflow_alcove_1, minmay_starry_boxes,
          uniq_joseph, uniq_gastronok
D:9:      layout_stronghold, cheibriados_altar_1, serial_shops,
          kennysheep_mini_moat, st_stairs_10, minivault_12
D:10:     minmay_angry_zag, layout_irregular_city,
          mainiacjoe_overflow_cross_hatched, mainiacjoe_overflow_two_lobes,
          lair_entry_dummy, orc_0_dummy, minmay_fractal_squares_diagonal_5

Skill      XL: |  1  2  3  4  5  6  7  8  9 10 11 |
---------------+----------------------------------+-----
Axes           | 4 5 6 8 9 10 11 | 11.4
Fighting       | 4 5 6 8 9 10 11 | 11.4
Armour         | 3 4 5 6 7 9 10 11 | 11.1
Dodging        | 3 4 5 7 8 9 10 | 10.2

Action                   |  1- 3 |  4- 6 |  7- 9 | 10-12 || total
-------------------------+-------+-------+-------+-------++-------
Melee: Hand axe          |    64 |    69 |   262 |    53 ||   448
       Headbutt          |     9 |     6 |    47 |    43 ||   105
       Punch             |       |       |     4 |     5 ||     9
       War axe           |       |       |       |   128 ||   128
       Battleaxe         |       |       |       |    14 ||    14
Invok: Berserk           |       |     4 |     9 |    11 ||    24
       Brothers in Arms  |       |       |       |     1 ||     1
       Trog's Hand       |       |       |       |     1 ||     1
  Use: Potion            |       |       |     1 |     2 ||     3
       Scroll            |       |       |       |     4 ||     4
 Stab: Sleeping          |     1 |     1 |       |       ||     2
       Invisible         |       |       |     2 |     1 ||     3
Armor: Animal skin       |    15 |    19 |       |       ||    34
       Scale mail        |       |     4 |    13 |       ||    17
       Plate armour      |       |       |   125 |   145 ||   270
Dodge: Dodged            |    40 |    34 |   101 |    94 ||   269
